 Dungeon Crawl Stone Soup version 0.30-a0-358-g0d69a1922f (webtiles) character file.

Game seed: 14301208310956534964

5696 hikkokomori the Geomancer (level 10, -2/59 HPs)
             Began as a Gargoyle Earth Elementalist on Nov 11, 2022.
             Was a Believer of Vehumet.
             Slain by a troll (7 damage)
             ... on level 9 of the Dungeon.
             The game lasted 00:13:17 (9937 turns).

hikkokomori the Geomancer (GrEE)                    Turns: 9937, Time: 00:13:18

Health: -2/59      AC: 16    Str: 12    XL:     10   Next: 76%
Magic:  18/22      EV: 10    Int: 20    God:    Vehumet [**....]
Gold:   290        SH:  0    Dex: 10    Spells: 15/25 levels left

rFire   . . .      SeeInvis .    J - +0 great mace
rCold   . . .      Faith    .    (shield currently unavailable)
rNeg    + . .      Spirit   .    N - +0 swamp dragon scales
rPois   ∞          Reflect  .    (no helmet)
rElec   +          Harm     .    (no cloak)
rCorr   .          Rampage  .    w - +0 pair of gloves
Will    +....                    e - +0 pair of boots
Stlth   +.........               (no amulet)
HPRegen 0.29/turn                G - ring of willpower
MPRegen 0.18/turn                A - +4 ring of slaying

@: no status effects
A: sickness immunity, AC +7, negative energy resistance 1, electricity
resistance, torment resistance 1, petrification resistance
a: Renounce Religion


You were on level 9 of the Dungeon.
You worshipped Vehumet.
Vehumet was pleased with you.
You visited 2 branches of the dungeon, and saw 11 of its levels.

You collected 567 gold pieces.
You spent 277 gold pieces at shops.

Inventory:

Hand Weapons
 d - a +0 dagger
 j - a +0 dagger
 r - a +2 hand axe of flaming
 t - a +0 sling
 J - a +0 great mace (weapon)
Missiles
 B - a throwing net
Armour
 a - a +0 robe
 e - a +0 pair of boots (worn)
 w - a +0 pair of gloves (worn)
 N - +0 swamp dragon scales (worn)
Jewellery
 f - a +6 ring of strength
 A - a +4 ring of slaying (right hand)
 G - a ring of willpower (left hand)
Wands
 k - a wand of roots (13)
 q - a wand of charming (4)
 y - a wand of acid (3)
 E - a wand of polymorph (1)
Scrolls
 i - a scroll of poison {unknown}
 l - 4 scrolls of teleportation
 m - 2 scrolls of enchant armour
 n - 2 scrolls of amnesia
 o - 3 scrolls of torment
 p - 2 scrolls of fear {unknown}
 u - 4 scrolls of vulnerability
 x - a scroll of immolation {unknown}
 z - a scroll of blinking {unknown}
 C - a scroll of enchant weapon {unknown}
 I - 2 scrolls of identify
 L - a scroll of magic mapping {unknown}
 M - a scroll of butterflies {unknown}
 O - a scroll of acquirement {unknown}
Potions
 b - 3 potions of magic
 c - 5 potions of invisibility
 g - a potion of resistance
 h - 2 potions of mutation
 s - 3 potions of attraction
 v - a potion of degeneration
 D - a potion of heal wounds {unknown}
 F - a potion of brilliance {unknown}
 H - a potion of cancellation {unknown}
 K - a potion of flight {unknown}
 P - a potion of curing {unknown}


   Skills:
 + Level 5.5 Fighting
 - Level 1.5 Dodging
 - Level 2.1 Stealth
 - Level 8.0 Spellcasting
 + Level 5.4 Conjurations
 + Level 4.5 Translocations
 - Level 0.7 Transmutations
 + Level 12.2 Earth Magic


You had 15 spell levels left.
You knew the following spells:

 Your Spells              Type           Power      Damage    Failure   Level
a - Sandblast             Erth           100%       2d20      1%          1
b - Stone Arrow           Conj/Erth      86%        3d12      1%          3
c - Iskenderun's Mystic   Conj/Tloc      28%        2d7       24%         4
d - Passwall              Tmut/Erth      28%        N/A       1%          2

Your spell library contained the following spells:

 Spells                   Type           Power      Damage    Failure   Level
 Kiss of Death            Conj/Necr      72%        2d10      6%          1
 Petrify                  Tmut/Erth      34%        N/A       13%         4
 Dazzling Flash           Conj/Hex       36%        N/A       19%         3
 Hailstorm                Conj/Ice       18%        3d6       19%         3
 Portal Projectile        Hex/Tloc       34%        N/A       22%         3
 Tukima's Dance           Hex            8%         N/A       50%         3
 Ice Form                 Ice/Tmut       9%         N/A       86%         4
 Blade Hands              Tmut           5%         N/A       99%         5
 Simulacrum               Ice/Necr       4%         N/A       100%        6
 Starburst                Conj/Fire      9%         6d5       100%        6
 Borgnjor's Revivificati  Necr           4%         N/A       100%        8
 Necromutation            Tmut/Necr      4%         N/A       100%        8
 Death's Door             Necr           4%         N/A       100%        9


Dungeon Overview and Level Annotations

Branches:
Dungeon (10/15)            Temple (1/1) D:6
   Lair: D:8-11         Orc: D:9-12

Altars:
Ashenzari
Dithmenos
Fedhas
Hepliaklqana
Kikubaaqudgha
Sif Muna
Vehumet
Yredelemnul
The Shining One

Shops:
D:3 (   D:5 *   D:7 *?(

Annotations:
D:8 2 transporters, Lobster4's ghost, novice MfIE


Innate Abilities, Weirdness & Mutations

You are immune to sickness and miasma.
Your stone body is resilient. (AC +7)
You are immune to poison.
You resist negative energy. (rN+)
You are resistant to electric shocks. (rElec)
You are resistant to unholy torment.
You are immune to petrification.


Message History

Aim: a wyvern (almost dead, 85% to hit)
The blast of sand misses the wyvern.
The wyvern bites you! The howler monkey closely misses you.
The wyvern barely misses you.
The howler monkey hits you but does no damage.
Unknown command.
Casting: Sandblast (safe; 1% risk of failure)
Confirm with . or Enter, or press ? or * to list all spells.
Aiming: Sandblast (safe; 1% risk of failure)
Press: ? - help, Shift-Dir - straight line, f/p - wyvern
Aim: a wyvern (almost dead, 85% to hit)
The blast of sand hits the wyvern!!
You kill the wyvern!
Vehumet accepts your kill.
You feel your power returning. The howler monkey barely misses you.
The howler monkey attacks as you move away!
The howler monkey completely misses you.
The troll barely misses you.
The troll claws you but does no damage. x2
The howler monkey hits you but does no damage.
The troll attacks as you move away! The troll bites you but does no damage.
The troll claws you. The troll claws you but does no damage.
There is a stone staircase leading up here.
The howler monkey hoots and howls with incredible vigour!
The troll bites you. The troll misses you. x2
You hear a howl! x2; You hear a shout! x2
You climb upwards.
There is a stone staircase leading down here.
Casting: Sandblast (safe; 1% risk of failure)
Confirm with . or Enter, or press ? or * to list all spells.
Aiming: Sandblast (safe; 1% risk of failure)
Press: ? - help, Shift-Dir - straight line, f - troll
Aim: a troll (85% to hit)
The blast of sand hits the troll!!
The troll is heavily wounded.
The troll bites you!
* * * LOW HITPOINT WARNING * * *
The troll claws you but does no damage. The troll claws you!
* * * LOW HITPOINT WARNING * * *
The troll bites you but does no damage. The troll closely misses you.
The troll claws you!
You die...

#....#...#..........
#....###'######'####
#.........####......
#.###..#..#..#......
#......#..#..#.####.
#.........#..#......
#.......###..#####..
#.......#........#..
#.T@....#........#..
#.......#........#..
#....##.#........#..
#....##.#....##..#..
#.......#....##..'..
#.......#######<.#..
#..####.#........#..
#..####.#........#..
#.......#....##..#..


You could see a troll.

Vanquished Creatures
  Erolcha (D:9)
  A cyclops (D:7)
  An unseen horror (D:7)
  A hornet (D:10)
  2 shadows (D:9)
  4 wyverns
  A water moccasin (D:9)
  3 orc warriors
  A black bear (D:8)
  2 sky beasts (D:7)
  3 ogres
  6 centaurs
  A phantom (D:5)
  3 bullfrogs
  A kobold brigand (D:9)
  6 scorpions
  3 necrophages
  2 howler monkeys
  An electric eel (D:6)
  2 hounds
  2 gnoll boudas
  3 orc priests
  6 iguanas
  11 orc wizards
  10 gnolls
  4 adders
  3 white imps
  3 worms
  4 dart slugs
  38 orcs
  10 ball pythons
  6 endoplasms
  4 giant cockroaches
  12 goblins
  8 hobgoblins
  15 kobolds
  4 quokkas
  6 bats
  3 frilled lizards
  6 rats
203 creatures vanquished.

Vanquished Creatures (others)
  2 plants (D:6)
2 creatures vanquished.

Grand Total: 205 creatures vanquished

Notes
Turn   | Place    | Note
-------+----------+-------------------------------------------
     0 | D:1      | hikkokomori the Gargoyle Earth Elementalist began the quest
                  | for the Orb.
     0 | D:1      | Reached XP level 1. HP: 10/10 MP: 3/3
   262 | D:1      | Reached skill level 4 in Earth Magic
   262 | D:1      | Reached XP level 2. HP: 11/15 MP: 0/5
   753 | D:1      | Reached XP level 3. HP: 17/19 MP: 4/6
   786 | D:1      | Learned a level 3 spell: Stone Arrow
  1579 | D:2      | Reached XP level 4. HP: 24/24 MP: 6/8
  2278 | D:3      | Reached skill level 5 in Earth Magic
  2473 | D:3      | Found Duthromn's Weapon Shoppe.
  3195 | D:4      | Reached XP level 5. HP: 28/28 MP: 7/10
  3775 | D:4      | Reached skill level 6 in Earth Magic
  3920 | D:4      | Reached XP level 6. HP: 28/32 MP: 7/12
  4440 | D:5      | Entered Level 5 of the Dungeon
  4562 | D:5      | Reached XP level 7. HP: 36/36 MP: 11/14
  4584 | D:5      | Found a glowing golden altar of the Shining One.
  4590 | D:5      | Reached skill level 5 in Spellcasting
  4590 | D:5      | Reached skill level 7 in Earth Magic
  4685 | D:5      | Found an ancient bone altar of Kikubaaqudgha.
  4688 | D:5      | Found a shadowy altar of Dithmenos.
  4832 | D:5      | Found Birresin's Assorted Antiques.
  4847 | D:5      | Bought 3 scrolls labelled ZYDET UGUYS for 57 gold pieces
  4847 | D:5      | Bought a scroll labelled GIECLI JUAGAUS for 19 gold pieces
  4847 | D:5      | Bought a green potion for 17 gold pieces
  4847 | D:5      | Bought a bronze wand for 76 gold pieces
  5055 | D:5      | Reached skill level 8 in Earth Magic
  5213 | D:5      | Reached XP level 8. HP: 41/41 MP: 14/17
  5707 | D:6      | Reached skill level 9 in Earth Magic
  6106 | D:6      | Found a staircase to the Ecumenical Temple.
  6168 | Temple   | Entered the Ecumenical Temple
  6174 | Temple   | Became a worshipper of Vehumet
  6356 | D:6      | Found a shimmering blue altar of Sif Muna.
  6460 | D:7      | Found Cicsa's Weapon Shoppe.
  6484 | D:7      | Reached skill level 10 in Earth Magic
  6608 | D:7      | Reached XP level 9. HP: 45/45 MP: 16/20
  6832 | D:7      | Found Negacy's Assorted Antiques.
  6840 | D:7      | Bought a scroll labelled QIUFOK JOECHOPS for 16 gold pieces
  6840 | D:7      | Bought a white potion for 14 gold pieces
  6840 | D:7      | Bought an encrusted iron wand for 64 gold pieces
  6840 | D:7      | Bought an emerald potion for 14 gold pieces
  6845 | D:7      | Learned a level 4 spell: Iskenderun's Mystic Blast
  6905 | D:7      | Found a blossoming altar of Fedhas.
  7029 | D:7      | Reached skill level 1 in Fighting
  7029 | D:7      | Reached skill level 1 in Conjurations
  7163 | D:7      | Killed an unseen horror
  7164 | D:7      | Reached skill level 1 in Translocations
  7164 | D:7      | Reached skill level 11 in Earth Magic
  7165 | D:7      | Noticed a cyclops
  7314 | D:7      | Found Urolubee's Magic Scroll Shoppe.
  7460 | D:7      | Killed a cyclops
  7606 | D:8      | Found a transporter.
  7609 | D:8      | Noticed Lobster4's ghost (novice MfIE)
  7610 | D:8      | Found a transporter.
  7906 | D:8      | Reached * piety under Vehumet
  7906 | D:8      | Offered knowledge of Shock by Vehumet.
  7991 | D:8      | Reached XP level 10. HP: 56/56 MP: 19/22
  8213 | D:8      | Found a hazy altar of Hepliaklqana.
  8319 | D:8      | Identified the +1 cloak of the World {rElec rF- rCorr
                  | Str+2}
  8562 | D:9      | Noticed Erolcha
  8578 | D:9      | Killed Erolcha
  9046 | D:9      | Reached skill level 12 in Earth Magic
  9105 | D:9      | Offered knowledge of Kiss of Death by Vehumet.
  9109 | D:9      | Learned a level 2 spell: Passwall
  9263 | D:9      | Reached ** piety under Vehumet
  9266 | D:9      | Reached skill level 5 in Fighting
  9324 | D:9      | Reached skill level 5 in Conjurations
  9372 | D:9      | Noticed Maggie
  9373 | D:9      | Maggie changed into Maggie the water moccasin
  9373 | D:9      | Noticed Maggie
  9374 | D:9      | Killed Maggie the water moccasin
  9915 | D:10     | Entered Level 10 of the Dungeon
  9937 | D:9      | Slain by a troll

Illustrated notes

Levels and vault maps discovered:
D:1:      eino_arrival_cavern_a, layout_loops_ring
D:2:      layout_basic
D:3:      layout_loops_corners, serial_shops, nicolae_shop_bloodbath_and_beyond
D:4:      layout_basic, minmay_goblin_outpost
D:5:      layout_basic, grunt_temple_overflow_open, serial_shops, shop
D:6:      cheibrodos_helix_gallery, layout_rooms, led_sif_book,
          minmay_temple_entry_gardened_gates
D:7:      layout_basic, fedhas_altar_1, serial_shops, nicolae_shop_crystal,
          kennysheep_little_box, nicolae_shop_advertising_works
          [nicolae_subvault_shop_adworks], minmay_small_thing
D:8:      layout_loops_ring, worldfamousw_hep_ancestral_shrine,
          gammafunk_ghost_arena
D:9:      layout_stronghold, uniq_erolcha, uniq_maggie
D:10:     layout_rooms, nicolae_shop_self_help
Temple:   kb_temple_of_zot

Skill      XL: |  1  2  3  4  5  6  7  8  9 10 |
---------------+-------------------------------+-----
Earth Magic    | 4 5 6 8 10 11 12 | 12.2
Spellcasting   | 3 4 6 7 8 |  8.0
Fighting       | 3 5 |  5.5
Conjurations   | 3 5 |  5.4
Translocations | 2 4 |  4.5
Dodging        | |  1.5
Stealth        | |  2.1
Transmutations | |  0.7

Action                   |  1- 3 |  4- 6 |  7- 9 | 10-12 || total
-------------------------+-------+-------+-------+-------++-------
Melee: Unarmed           |     7 |       |       |       ||     7
       Dagger            |     7 |       |       |       ||     7
       Hand axe          |       |     5 |     1 |       ||     6
       Great mace        |       |       |       |     2 ||     2
 Cast: Sandblast         |    50 |    73 |   136 |    88 ||   347
       Stone Arrow       |       |       |     5 |     4 ||     9
Evoke: Wand              |       |       |       |     2 ||     2
  Use: Scroll            |       |       |    11 |       ||    11
Armor: Robe              |     9 |     3 |    33 |    42 ||    87
       Swamp dragon scal |       |       |       |    16 ||    16
Dodge: Dodged            |    12 |    15 |    28 |    52 ||   107

Table legend: (Time is in decaauts)
 A = Elapsed time spent in this place.
 B = Non-inter-level travel time spent in this place.
 C = Inter-level travel time spent in this place.
 D = Time resting spent in this place.
 E = Time spent auto-exploring this place.
 F = Levels seen in this place.
 G = Mean time per level.
                   A        B        C        D        E       F      G
               +--------+--------+--------+--------+--------+-----+--------+
         Total |  10109 |   9679 |    430 |    436 |   8081 |  11 |  919.0 |
       Dungeon |  10096 |   9667 |    429 |    436 |   8081 |  10 | 1009.6 |
        Temple |     12 |     12 |      0 |      0 |      0 |   1 |   12.0 |
               +--------+--------+--------+--------+--------+-----+--------+

Top non-repeatable levels by time:
     D:9: 1481 daAuts
     D:4: 1478 daAuts
     D:7: 1161 daAuts
     D:5: 1112 daAuts
     D:1: 1035 daAuts
     D:3: 997 daAuts
     D:2: 988 daAuts
     D:6: 922 daAuts
     D:8: 892 daAuts
    D:10: 26 daAuts
  Temple: 12 daAuts
